 Dungeon Crawl Stone Soup version 0.17.2-1-ge4368a0 (webtiles) character file.

970 Goblin1989 the Cudgeler (level 8, -1/49 HPs)
             Began as a Kobold Berserker on Sept 28, 2016.
             Was a Priest of Trog.
             Slain by Prince Ribbit (12 damage)
             ... on level 6 of the Dungeon.
             The game lasted 00:15:00 (4995 turns).

Goblin1989 the Cudgeler (Kobold Berserker)          Turns: 4995, Time: 00:15:00

Health: -1/49      AC: 11    Str: 17    XL:     8   Next: 38%
Magic:  2/2        EV: 15    Int:  4    God:    Trog [***...]
Gold:   280        SH:  0    Dex: 17    Spells: 0 memorised, 7 levels left

rFire  . . .     SeeInvis .     j - +9 mace of Indomitability {antimagic, rC+ MR+ Int+2 Dex-2}
rCold  + . .     Clarity  .     o - +1 scale mail
rNeg   . . .     SustAt   .     (shield restricted)
rPois  .         Gourm    .     (no helmet)
rElec  .         Spirit   .     g - +0 cloak
rCorr  .         Warding  .     b - +0 pair of gloves "Wemurox" {MR+ Int-3 Dex+3}
rMut   .         Stasis   .     k - +0 pair of boots
MR     ++...                    (no amulet)
Stlth  ..........               (no ring)
                                (no ring)

@: very resistant to hostile enchantments, extremely unstealthy
A: carnivore 3
a: Berserk, Trog's Hand, Burn Spellbooks, Renounce Religion


You were on level 6 of the Dungeon.
You worshipped Trog.
Trog was most pleased with you.
You were very full.

You visited 1 branch of the dungeon, and saw 6 of its levels.

You collected 280 gold pieces.

Inventory:

Hand Weapons
 j - the +9 mace of Indomitability (weapon) {antimagic, rC+ MR+ Int+2 Dex-2}
   (You found it on level 4 of the Dungeon)

   It disrupts the flow of magical energy around spellcasters and certain
   magical creatures (including the wielder).
   It affects your intelligence (+2).
   It affects your dexterity (-2).
   It protects you from cold.
   It affects your resistance to hostile enchantments.
Missiles
 i - 51 bolts
Armour
 b - the +0 pair of gloves "Wemurox" (worn) {MR+ Int-3 Dex+3}
   (You found it on level 5 of the Dungeon)

   It affects your intelligence (-3).
   It affects your dexterity (+3).
   It affects your resistance to hostile enchantments.
 g - a +0 cloak (worn)
 k - a +0 pair of boots (worn)
 o - a +1 scale mail (worn)
Wands
 P - a wand of paralysis (18)
Scrolls
 a - 3 scrolls of remove curse {@r2}
 M - a scroll of magic mapping
 R - 6 scrolls of identify {@r1}
 T - a scroll of teleportation {@r4}
Potions
 d - 5 potions of heal wounds {unknown}
 e - 2 potions of curing {unknown}
 h - a potion of agility {unknown}
 l - a potion of lignification {unknown}
 n - a potion of ambrosia {!q}
 p - a potion of might {unknown}
 u - a potion of degeneration {unknown}
Comestibles
 c - 2 meat rations
 f - 3 slices of pizza
 m - 2 beef jerkies


   Skills:
 + Level 5.2 Fighting
 * Level 7.2 Maces & Flails
 + Level 3.3 Armour
 + Level 4.8 Dodging


You had 7 spell levels left.
You didn't know any spells.

Dungeon Overview and Level Annotations

Branches:
Dungeon (6/15)             Temple (0/1) D:5

Altars:
Ashenzari
Dithmenos
Fedhas
Kikubaaqudgha
Makhleb
Nemelex Xobeh
Okawaru
Qazlal
Sif Muna
Vehumet
Zin

Shops:
D:5 *

Annotations:
D:3 exclusion: oklob plant
D:6 Prince Ribbit


Innate Abilities, Weirdness & Mutations

You are small and have problems with some larger weapons.
You are carnivorous and can eat meat at any time.


Message History

You are too injured to fight recklessly!
You are too injured to fight recklessly!
You are too injured to fight recklessly!
You are too injured to fight recklessly!
You are too injured to fight recklessly!
You are too injured to fight recklessly!
You are too injured to fight recklessly!
You are too injured to fight recklessly!
You miss Prince Ribbit.
Prince Ribbit is moderately wounded.
Prince Ribbit closely misses you.
You hit Prince Ribbit.
Prince Ribbit's magic leaks into the air.
Prince Ribbit is moderately wounded.
Prince Ribbit closely misses you.
You sock Prince Ribbit!
Prince Ribbit's magic leaks into the air.
Prince Ribbit is heavily wounded.
Prince Ribbit hits you!
You die...

ਜਜਜ.ਜਜਜ..ਜ ਜ.ਜ
.....ਜਜ∆∆ਜ ਜ.ਜ
ਜਜਜ.ਜਜ8..8ਜ ਜ.ਜ
ਜ.ਜਜਜ⌂⌂ਜਜ ਜ.ਜਜਜਜ
ਜਜਜ...ਜΨΨਜ ਜ....ਜ
.))...ਜਜਜਜ ਜਜਜਜ.ਜ
ਜਜ.....ਜ ਜਜਜ.ਜ.ਜ
ਜ.........ਜਜਜ.....ਜ
▲.........▲.!...@.ਜ
ਜ.........ਜਜਜ...Fਜਜ
ਜਜ.......ਜਜ ਜ.ਜ.ਜਜ
ਜਜ.....ਜਜ ਜ.ਜਜ
ਜ...ਜਜ ਜ


You could see Prince Ribbit.

Vanquished Creatures
  A water moccasin (D:6)
  2 ogres
  A water moccasin skeleton (D:6)
  2 scorpions (D:4)
  A hound (D:4)
  An orc priest (D:4)
  2 orc wizards (D:6)
  A jelly (D:6)
  Crazy Yiuf (D:4)
  A centaur skeleton (D:5)
  2 giant frog skeletons (D:4)
  Jessica (D:2)
  3 worker ants
  A hound skeleton (D:6)
  7 adders
  2 oozes (D:1)
  An adder skeleton (D:5)
  2 adder zombies (D:5)
  3 worms
  A giant gecko (D:4)
  11 orcs
  A ball python (D:1)
  8 bats
  A giant cockroach (D:1)
  10 hobgoblins
  3 jackals (D:5)
  7 kobolds
  5 quokkas
  4 giant newts
  5 goblins
  6 rats
97 creatures vanquished.

Notes
Turn   | Place    | Note
--------------------------------------------------------------
     0 | D:1      | Goblin1989 the Kobold Berserker began the quest for the Orb.
     0 | D:1      | Reached XP level 1. HP: 14/14 MP: 1/1
   316 | D:1      | Reached XP level 2. HP: 19/19 MP: 2/2
   493 | D:1      | Reached skill level 4 in Maces & Flails
   493 | D:1      | Reached XP level 3. HP: 20/23 MP: 3/3
  1057 | D:2      | Noticed Jessica
  1066 | D:2      | Killed Jessica
  1066 | D:2      | Reached XP level 4. HP: 24/28 MP: 4/4
  1151 | D:2      | Reached ** piety under Trog
  1397 | D:2      | Reached skill level 5 in Maces & Flails
  1784 | D:3      | HP: 2/42 [orc/hand axe (8)]
  1789 | D:3      | HP: 1/28 [bat (1)]
  2033 | D:3      | Reached XP level 5. HP: 32/32 MP: 5/5
  2079 | D:3      | Found a shattered altar of Ashenzari.
  2109 | D:3      | Found a radiant altar of Vehumet.
  2123 | D:3      | Noticed an ogre
  2133 | D:3      | Killed an ogre
  2133 | D:3      | Reached XP level 6. HP: 8/37 MP: 6/6
  2480 | D:3      | Found a blossoming altar of Fedhas.
  2499 | D:3      | Noticed an oklob plant
  3449 | D:4      | Noticed Crazy Yiuf
  3456 | D:4      | Killed Crazy Yiuf
  3463 | D:4      | Got a slimy mace
  3464 | D:4      | Identified the +9 mace of Indomitability {antimagic, rC+ MR+ Int+2 Dex-2} (You found it on level 4 of the Dungeon)
  3509 | D:4      | Reached skill level 6 in Maces & Flails
  3514 | D:4      | Reached XP level 7. HP: 11/43 MP: 5/7
  3829 | D:4      | Reached *** piety under Trog
  4040 | D:4      | Found a sparkling altar of Nemelex Xobeh.
  4047 | D:4      | Found a deep blue altar of Sif Muna.
  4103 | D:5      | Entered Level 5 of the Dungeon
  4189 | D:5      | Found a shadowy altar of Dithmenos.
  4304 | D:5      | Got a pair of pitted gloves
  4310 | D:5      | Identified the +0 pair of gloves "Wemurox" {MR+ Int-3 Dex+3} (You found it on level 5 of the Dungeon)
  4332 | D:5      | Found an ancient bone altar of Kikubaaqudgha.
  4332 | D:5      | Noticed a human
  4386 | D:5      | Found Zin's Purification Station.
  4398 | D:5      | Found a glowing silver altar of Zin.
  4443 | D:5      | Found a staircase to the Ecumenical Temple.
  4657 | D:6      | Found an iron altar of Okawaru.
  4733 | D:6      | Reached XP level 8. HP: 27/48 MP: 2/8
  4908 | D:6      | Reached skill level 5 in Fighting
  4931 | D:6      | Reached skill level 7 in Maces & Flails
  4967 | D:6      | Found a stormy altar of Qazlal.
  4967 | D:6      | Found a burning altar of Makhleb.
  4982 | D:6      | Noticed Prince Ribbit
  4995 | D:6      | Slain by Prince Ribbit

Action                   |  1- 3 |  4- 6 |  7- 9 || total
-------------------------+-------+-------+-------++-------
Melee: Mace              |    52 |   164 |   102 ||   318
Invok: Berserk           |     1 |     2 |       ||     3
       Trog's Hand       |       |     2 |       ||     2
  Use: Scroll            |       |     6 |     3 ||     9
 Stab: Sleeping          |     1 |     2 |       ||     3
  Eat: Chunk             |     7 |    11 |     5 ||    23

Vault maps used:
D:1:      mrwooster_arrival_statue_3, feat_on_display
D:2:      uniq_jessica
D:3:      tgw_fedhas, overflow_temple_1_default, old_standard_altar
D:4:      minitemple, kennysheep_another_room, uniq_crazy_yiuf_cottage
D:5:      zin_purify, nicolae_dithmenos_the_darkroom, minmay_temple_entry_hall,
          first_bread, tgw_kikubaaqudgha
D:6:      tso_altar, nicolae_overflow_hidden_temple,
          gammafunk_temple_overflow_wave, hangedman_decor_riveting,
          uniq_prince_ribbit1
